Map: Jagannatha LE

Players

MarcoMan - Winner!

  • Race: Protoss Protoss
  • League: Master
  • Spawn Location: 1:00

Doc

  • Race: Terran Terran
  • League: Master
  • Spawn Location: 7:00

VOD

Have the link to the VOD?

Description

Time

  • Played on: Jan. 17, 2021, 9:45 p.m.
  • Length: 16:22
Show
View Real Time Build Order
Export as new Build Order

MarcoMan Protoss - Winner!

Build Orders: 1 Gate Expand, Blink Stalkers 

Get SALT Encoding   

  12  0:00  Probe  
  13  0:13  Probe  
  14  0:18  Pylon  
  14  0:25  Probe (Chrono Boost)  
  15  0:37  Gateway  
  15  0:38  Probe (Chrono Boost)  
  16  0:44  Probe (Chrono Boost)  
  16  0:47  Assimilator  
  17  0:52  Probe  
  18  1:04  Probe  
  19  1:17  Probe  
  20  1:27  Cybernetics Core  
  20  1:39  Nexus  
  20  1:41  Probe  
  21  1:49  Pylon  
  21  1:53  Probe  
  22  1:55  Assimilator  
  22  2:04  Adept (Chrono Boost)  
  22  2:05  Probe  
  22  2:08  Warp Gate  
  25  2:17  Probe  
  26  2:27  Stalker  
  28  2:31  Probe (Chrono Boost)  
  29  2:40  Twilight Council  
  29  2:41  Probe (Chrono Boost)  
  30  2:46  Probe (Chrono Boost)  
  32  2:51  Probe  
  32  2:58  Probe  
  33  3:03  Sentry, Probe  
  36  3:08  Gateway  
  36  3:10  Gateway, Probe  
  37  3:15  Probe  
  38  3:21  Blink (Chrono Boost)  
  38  3:33  Probe x2  
  38  3:45  Probe x2  
  40  3:49  Pylon  
  40  3:57  Probe  
  40  3:58  Probe  
  42  4:08  Stalker x2  
  42  4:09  Stalker, Probe  
  49  4:10  Probe  
  49  4:14  Robotics Facility  
  50  4:17  Pylon  
  50  4:21  Probe  
  51  4:26  Probe  
  52  4:37  Nexus  
  52  4:38  Assimilator  
  52  4:39  Stalker  
  52  4:40  Stalker, Assimilator  
  56  4:47  Pylon, Probe  
  56  4:50  Probe  
  58  4:56  Pylon  
  59  5:00  Probe  
  59  5:02  Probe  
  59  5:06  Stalker x2, Charge (Chrono Boost)  
  64  5:08  Observer  
  64  5:12  Probe  
  66  5:15  Probe  
  66  5:19  Gateway  
  67  5:24  Shield Battery, Probe  
  67  5:25  Stalker  
  70  5:32  Forge  
  70  5:40  Observer (Chrono Boost)  
  71  5:46  Probe x2  
  71  5:49  Sentry  
  75  5:50  Zealot x2  
  75  5:53  Observer (Chrono Boost)  
  80  6:02  Probe x2  
  80  6:03  Probe  
  83  6:06  Protoss Ground Armor Level 1  
  83  6:08  Robotics Bay  
  83  6:14  Probe  
  84  6:21  Probe x2  
  84  6:23  Photon Cannon  
  86  6:26  Probe  
  86  6:27  Photon Cannon  
  86  6:30  Forge  
  86  6:31  Gateway  
  87  6:33  Probe  
  87  6:36  Probe  
  87  6:38  Observer  
  87  6:39  Probe  
  90  6:44  Assimilator  
  90  6:45  Probe  
  91  6:47  Assimilator  
  91  6:48  Probe  
  91  6:49  Observer (Chrono Boost)  
  93  7:06  Pylon  
  93  7:07  Pylon  
  93  7:09  Pylon  
  93  7:12  Probe  
  93  7:20  Colossus (Chrono Boost)  
  93  7:24  Probe x2  
  93  7:25  Probe  
  93  7:28  Protoss Ground Weapons Level 1 (Chrono Boost), Nexus  
  102  7:30  Pylon  
  102  7:31  Photon Cannon  
  102  7:35  Templar Archives  
  102  7:36  Probe x2  
  104  7:37  Probe  
  104  7:40  Pylon  
  105  7:45  Assimilator  
  105  7:48  Probe x2  
  105  7:50  Probe  
  108  7:57  Photon Cannon  
  108  7:59  Photon Cannon  
  108  8:00  Probe x2  
  108  8:02  Photon Cannon, Probe  
  108  8:05  Photon Cannon  
  111  8:07  Observer  
  111  8:12  Probe x2  
  114  8:13  Gateway  
  114  8:14  Probe  
  114  8:15  Gateway  
  114  8:18  Gateway  
  115  8:21  Zealot  
  115  8:22  Zealot x2  
  115  8:24  Probe x2  
  115  8:26  Probe  
  124  8:28  Protoss Ground Armor Level 2 (Chrono Boost)  
  124  8:36  Psionic Storm, Probe x2  
  124  8:38  Probe  
  127  8:45  Warp Prism (Chrono Boost), High Templar x2  
  127  8:46  High Templar x3  
  137  8:51  Archon x2  
  137  8:52  Nexus  
  137  8:54  Assimilator  
  139  8:56  Pylon  
  139  9:08  Pylon  
  139  9:10  Pylon  
  139  9:14  Pylon  
  139  9:15  Pylon  
  139  9:18  Pylon  
  139  9:19  Pylon  
  139  9:21  Pylon  
  139  9:24  Stargate  
  139  9:27  Stargate  
  139  9:29  Stargate  
  139  9:30  Photon Cannon  
  139  9:31  High Templar x5  
  143  9:32  Photon Cannon x2  
  143  9:36  Assimilator  
  143  9:37  Shield Battery  
  149  9:38  Archon x2  
  149  9:39  Archon  
  149  9:40  Assimilator, Photon Cannon  
  149  9:49  Gateway  
  149  9:50  Gateway  
  149  9:55  Protoss Ground Weapons Level 2 (Chrono Boost)  
  147  10:03  Protoss Air Weapons Level 1  
  137  10:16  High Templar x4  
  137  10:19  Zealot x4  
  137  10:21  Archon x2  
  153  10:28  Fleet Beacon  
  153  10:30  Protoss Ground Armor Level 3 (Chrono Boost)  
  153  10:45  Zealot x2  
  153  10:46  Zealot x4  
  153  10:49  Nexus  
  165  10:51  Pylon, Photon Cannon  
  165  10:52  Pylon  
  165  10:53  Dark Shrine  
  165  10:54  Photon Cannon  
  165  10:56  Photon Cannon  
  135  11:29  Void Ray x2  
  135  11:30  Void Ray  
  119  11:39  Photon Cannon  
  131  11:41  Photon Cannon  
  131  11:42  Zealot x2  
  131  11:43  Zealot x4, Photon Cannon  
  131  11:44  Zealot x3  
  131  11:46  Photon Cannon  
  149  11:48  Photon Cannon  
  149  11:50  Assimilator  
  149  11:54  Assimilator  
  149  11:56  Photon Cannon  
  149  12:00  Fleet Beacon, Photon Cannon  
  149  12:04  Protoss Shields Level 1 (Chrono Boost)  
  149  12:05  Pylon  
  149  12:07  Pylon, Photon Cannon  
  149  12:08  Dark Templar  
  151  12:13  Pylon  
  149  12:38  Photon Cannon, Protoss Air Weapons Level 2  
  149  12:42  Carrier (Chrono Boost)  
  149  12:43  Carrier x2 (Chrono Boost)  
  166  12:59  Probe x2  
  166  13:12  Stargate  
  166  13:14  Protoss Ground Weapons Level 3  
  166  13:16  Stargate  
  166  13:20  Photon Cannon  
  166  13:23  Photon Cannon  
  166  13:24  Gateway  
  166  13:28  Gateway  
  166  13:29  Gateway, Nexus  
  166  13:30  Observer  
  166  13:32  Gateway  
  166  13:36  Tempest (Chrono Boost)  
  166  13:37  Carrier x2 (Chrono Boost)  
  183  13:41  Pylon  
  183  14:09  Tempest (Chrono Boost)  
  183  14:14  Tempest x2 (Chrono Boost)  
  183  14:16  Pylon, Photon Cannon  
  188  14:19  Photon Cannon  
  188  14:22  Photon Cannon  
  188  14:23  Shield Battery  
  198  14:25  Shield Battery  
  198  14:30  Assimilator  
  198  14:32  Assimilator  
  198  14:33  Photon Cannon  
  198  14:36  Pylon, Photon Cannon  
  198  14:38  Photon Cannon  
  198  14:40  Pylon  
  198  14:41  Photon Cannon  
  198  14:47  Pylon  
  198  14:49  Pylon  
  197  14:55  Pylon  
  197  14:57  Photon Cannon  
  197  14:58  Pylon  
  184  15:15  Zealot  
  184  15:16  Zealot x2, Photon Cannon  
  184  15:17  Photon Cannon, Dark Templar  
  184  15:20  Photon Cannon  
  192  15:21  Photon Cannon  
  192  15:28  Photon Cannon  
  154  15:46  Shield Battery  
  154  15:48  Shield Battery  
  159  15:50  Shield Battery  
  159  15:51  Shield Battery  
  157  16:04  Pylon  
  157  16:14  Pylon  
Show
View Real Time Build Order
Export as new Build Order

Doc Terran 

Build Orders: Mech 

Get SALT Encoding   

  12  0:00  SCV  
  13  0:12  SCV  
  14  0:17  Supply Depot  
  14  0:24  SCV  
  15  0:39  SCV  
  15  0:41  Barracks  
  16  0:44  Refinery  
  16  0:51  SCV  
  17  1:03  SCV  
  18  1:15  SCV  
  19  1:28  Barracks Reactor  
  19  1:30  Orbital Command  
  19  1:43  Command Center  
  19  1:52  Supply Depot  
  19  1:56  SCV  
  20  2:06  Marine x2  
  22  2:08  SCV  
  22  2:15  Factory  
  23  2:28  SCV, Marine x2  
  26  2:40  SCV  
  27  2:46  Marine x2  
  29  2:56  SCV  
  30  3:02  Orbital Command  
  30  3:04  Marine x2  
  32  3:06  Bunker  
  32  3:11  Factory Tech Lab  
  32  3:15  Supply Depot  
  32  3:21  Marine x2  
  32  3:24  SCV  
  35  3:34  Cyclone, SCV  
  36  3:36  SCV  
  36  3:39  Marine x2  
  42  3:43  Supply Depot  
  42  3:46  SCV  
  43  3:48  SCV  
  44  3:58  SCV  
  45  4:03  Command Center, SCV  
  45  4:07  Engineering Bay  
  46  4:10  SCV  
  46  4:12  Siege Tank  
  46  4:15  SCV  
  51  4:22  Supply Depot, SCV  
  52  4:27  SCV  
  52  4:29  Refinery  
  53  4:34  Factory, SCV, Refinery  
  53  4:37  Supply Depot  
  54  4:39  SCV  
  55  4:46  SCV  
  55  4:51  Missile Turret, SCV  
  57  4:58  SCV  
  57  4:59  Siege Tank  
  61  5:04  SCV  
  62  5:09  Refinery  
  62  5:10  SCV  
  63  5:16  Orbital Command, SCV  
  64  5:22  SCV  
  64  5:28  SCV  
  66  5:31  Supply Depot x2  
  66  5:32  Widow Mine x2, Siege Tank  
  66  5:35  SCV  
  74  5:40  SCV  
  75  5:42  Missile Turret  
  75  5:47  Factory, SCV x2  
  77  5:52  SCV  
  77  5:59  SCV x2  
  77  6:00  Widow Mine x2  
  77  6:01  Barracks Reactor  
  83  6:04  SCV  
  83  6:05  Armory  
  83  6:11  SCV x2  
  85  6:16  SCV  
  85  6:17  Siege Tank  
  89  6:20  Supply Depot  
  89  6:23  SCV x2  
  91  6:26  Supply Depot  
  91  6:28  SCV  
  91  6:30  Hellion x2  
  96  6:33  Factory Tech Lab  
  96  6:35  SCV  
  96  6:38  Factory  
  97  6:40  SCV  
  97  6:41  Orbital Command  
  98  6:47  SCV  
  99  7:01  SCV  
  99  7:03  Terran Vehicle Weapons Level 1  
  99  7:04  Siege Tank x2  
  99  7:05  Command Center, Hellion x2  
  108  7:14  SCV  
  109  7:21  SCV  
  110  7:25  Refinery  
  110  7:27  Missile Turret  
  110  7:28  Missile Turret x2  
  110  7:29  Hellion x2, SCV x2  
  116  7:30  Missile Turret x3  
  116  7:31  Missile Turret  
  116  7:33  Refinery  
  116  7:34  SCV  
  116  7:35  Infernal Pre-Igniter  
  117  7:37  Siege Tank x2  
  117  7:41  SCV x2  
  117  7:43  Missile Turret  
  117  7:44  Missile Turret  
  125  7:49  Supply Depot  
  125  7:51  Supply Depot  
  125  7:57  Supply Depot  
  125  7:58  Supply Depot  
  125  8:07  Sensor Tower  
  125  8:09  SCV  
  125  8:10  Sensor Tower, SCV x2  
  125  8:11  Hellion x2  
  131  8:17  Supply Depot  
  131  8:19  Siege Tank  
  134  8:20  Siege Tank  
  134  8:21  Hellion, SCV  
  134  8:22  SCV x2  
  142  8:27  Orbital Command  
  142  8:32  Hellion  
  143  8:38  Starport x2  
  143  8:41  Armory  
  142  8:42  SCV x2  
  142  8:45  Missile Turret  
  142  8:47  Supply Depot  
  143  8:48  Missile Turret  
  143  8:51  Siege Tank  
  146  8:57  Terran Vehicle And Ship Armor Level 1  
  146  9:07  Missile Turret  
  146  9:11  Missile Turret  
  146  9:12  Missile Turret  
  146  9:13  Supply Depot, Command Center  
  146  9:16  Missile Turret, Refinery x2  
  145  9:17  Supply Depot  
  145  9:20  Supply Depot  
  145  9:21  Hellion  
  145  9:22  Orbital Command, Hellion  
  144  9:25  Hellion, Siege Tank x2  
  144  9:26  Starport Reactor, Hellion  
  144  9:27  Starport Tech Lab  
  144  9:28  Starport Reactor x2  
  144  9:30  Terran Ship Weapons Level 1  
  154  9:38  Missile Turret  
  154  9:41  SCV x3  
  157  9:49  SCV  
  158  9:53  Missile Turret, SCV  
  158  9:54  Command Center  
  158  9:57  Siege Tank  
  160  10:00  Fusion Core  
  152  10:21  SCV  
  152  10:22  Supply Depot, SCV x2  
  152  10:23  Hellion  
  152  10:24  Missile Turret, Supply Depot, Hellion  
  152  10:25  Liberator x4  
  171  10:30  Orbital Command  
  171  10:36  Command Center  
  171  10:49  Siege Tank x2  
  179  10:50  Hellion x4  
  179  10:53  Missile Turret, Terran Vehicle And Ship Armor Level 2  
  181  11:06  Starport  
  181  11:07  Starport  
  181  11:08  Liberator x3  
  151  11:21  Siege Tank  
  147  11:29  Hellion, Siege Tank  
  147  11:30  Liberator, Hellion x2  
  155  11:35  Orbital Command  
  155  11:43  SCV x2  
  157  11:47  SCV  
  157  11:50  Liberator x2, Hellion  
  157  11:53  Siege Tank  
  169  11:55  SCV x2  
  169  11:59  SCV  
  172  12:04  Liberator, Missile Turret, Command Center  
  172  12:05  Supply Depot  
  172  12:08  Hellion x5, Starport Tech Lab  
  175  12:09  Starport Tech Lab  
  175  12:10  Weapon Refit  
  175  12:11  SCV x2  
  175  12:12  SCV  
  175  12:13  Liberator, Supply Depot, Terran Ship Weapons Level 2  
  175  12:14  SCV  
  182  12:23  Supply Depot x2, SCV  
  182  12:24  Supply Depot, Sensor Tower  
  183  12:43  Battlecruiser  
  189  12:46  Hellion  
  189  12:47  Hellion x4  
  176  13:07  Viking x4  
  176  13:09  Viking  
  184  13:13  Missile Turret  
  184  13:17  Missile Turret  
  184  13:24  Missile Turret  
  184  13:29  Missile Turret  
  184  13:36  Viking  
  184  13:38  Supply Depot  
  184  13:39  Battlecruiser, Viking x2  
  196  13:49  Missile Turret  
  196  13:52  Missile Turret  
  196  13:54  Refinery  
  196  13:55  Refinery  
  196  13:56  SCV x3  
  199  14:09  Missile Turret  
  199  14:23  Hellion x6  
  199  14:24  Orbital Command  
  199  14:26  Missile Turret  
  199  14:30  Missile Turret  
  199  14:31  Missile Turret  
  199  14:35  Advanced Ballistics  
  199  14:36  Hi-Sec Auto Tracking  
  195  15:11  Starport  
  195  15:12  Starport  
  142  15:43  Viking x3  
  148  15:52  Viking  
  156  16:20  Refinery  
Tags
 
Matchup
PvT
Replay Pack
Weekend
Spawn Locations
Cross Positions
Add a new tag
Caveats
  • Supply blocks, unpowered buildings, or Contaminate may cause inaccurate times.
  • Supply counts are checked every 10 seconds.